Map: Apotheosis LE

Players

Elazer - Winner!

  • Race: Zerg Zerg
  • League: Grandmaster

Harstem

  • Race: Protoss Protoss
  • League: Master

Event: Polygon Gaming Invitational 3

VOD

Have the link to the VOD?

Description

Time

  • Played on: July 23, 2016, 2:21 p.m.
  • Length: 12:33

All games in this series

Show
View Real Time Build Order
Export as new Build Order

Elazer Zerg - Winner!

Build Orders: Hatch First 

Get SALT Encoding   

  12  0:00  Drone  
  13  0:12  Overlord  
  13  0:17  Drone  
  14  0:30  Drone  
  14  0:31  Drone  
  14  0:34  Drone  
  17  0:53  Hatchery  
  17  0:55  Drone  
  17  0:58  Drone  
  18  1:10  Extractor  
  17  1:13  Spawning Pool  
  17  1:16  Drone  
  17  1:19  Drone  
  18  1:27  Drone  
  19  1:39  Overlord  
  19  1:54  Drone  
  19  2:01  Queen  
  20  2:02  Drone  
  20  2:05  Queen  
  20  2:06  Drone  
  26  2:11  Metabolic Boost  
  26  2:16  Drone  
  26  2:19  Zergling x2  
  26  2:22  Drone  
  29  2:26  Zergling x2  
  30  2:33  Overlord  
  31  2:37  Drone  
  31  2:40  Queen  
  31  2:43  Drone  
  34  2:46  Pneumatized Carapace  
  34  2:48  Drone  
  35  2:59  Hatchery  
  35  3:00  Drone  
  35  3:04  Drone  
  36  3:09  Drone  
  37  3:13  Drone  
  37  3:14  Drone x2  
  37  3:16  Overlord  
  37  3:17  Drone x3  
  43  3:26  Evolution Chamber, Baneling Nest  
  41  3:28  Queen  
  41  3:31  Drone  
  44  3:35  Drone x2  
  46  3:41  Drone  
  46  3:42  Drone  
  48  3:49  Drone  
  48  3:50  Overlord  
  48  3:53  Drone x3  
  52  3:56  Zerg Melee Weapons Level 1  
  52  4:01  Spore Crawler  
  51  4:04  Extractor  
  51  4:09  Queen  
  52  4:10  Queen  
  52  4:14  Overlord, Spore Crawler  
  52  4:15  Drone x4  
  58  4:17  Zergling x2  
  58  4:23  Overlord  
  58  4:24  Spore Crawler  
  57  4:33  Overlord  
  57  4:36  Drone x2  
  57  4:37  Lair  
  57  4:38  Drone x2  
  60  4:44  Drone x2  
  61  4:48  Zergling x2  
  61  4:50  Hatchery  
  61  4:51  Drone x4  
  65  4:58  Zergling x12  
  71  5:06  Overlord  
  71  5:07  Overlord  
  71  5:11  Zergling x2  
  72  5:19  Overlord  
  72  5:21  Zergling x2  
  72  5:26  Evolution Chamber  
  72  5:27  Overlord x2  
  72  5:29  Zergling x14  
  72  5:30  Zergling x2  
  72  5:34  Centrifical Hooks  
  80  5:38  Overlord x3  
  80  5:46  Baneling x5  
  80  5:48  Extractor  
  79  5:50  Extractor, Zerg Melee Weapons Level 2  
  79  5:53  Drone x3  
  79  5:54  Drone x3  
  79  5:56  Overlord x2  
  84  5:58  Zergling x10  
  89  6:06  Overlord  
  87  6:13  Overlord  
  87  6:15  Zerg Ground Armor Level 1  
  86  6:21  Baneling x2  
  86  6:22  Zergling x16  
  94  6:26  Baneling  
  94  6:30  Zergling x20  
  100  6:40  Overlord  
  100  6:42  Zergling x6  
  102  6:49  Zergling x4  
  102  6:50  Infestation Pit  
  102  6:52  Zergling x2  
  102  6:53  Zergling x8  
  106  7:00  Zergling x16  
  114  7:06  Baneling x12  
  111  7:13  Zergling x14  
  116  7:16  Baneling x7  
  116  7:22  Overlord  
  109  7:41  Zergling x12  
  94  7:50  Zergling x16  
  94  7:51  Zergling x6  
  91  7:53  Zergling x4  
  91  7:55  Hive  
  91  7:57  Baneling  
  91  7:58  Baneling x6  
  93  7:59  Baneling x3, Zergling x2  
  93  8:00  Zergling x4  
  93  8:02  Zergling x2  
  97  8:12  Drone x6  
  103  8:15  Drone  
  96  8:30  Overlord  
  96  8:31  Drone x3  
  96  8:32  Drone x2  
  96  8:33  Hatchery, Extractor  
  99  8:34  Extractor  
  99  8:35  Drone  
  99  8:36  Drone x5  
  99  8:41  Overlord  
  104  8:46  Baneling x3  
  104  8:49  Zergling x14  
  104  8:50  Zergling x6  
  104  8:54  Baneling x16  
  113  8:55  Baneling  
  113  8:56  Baneling x2  
  113  9:01  Drone x3  
  116  9:10  Zerg Melee Weapons Level 3  
  106  9:25  Adrenal Glands  
  106  9:30  Zerg Ground Armor Level 2  
  106  9:35  Extractor  
  106  9:36  Extractor  
  106  9:37  Zergling x2  
  106  9:38  Zergling x40  
  121  9:42  Overlord x2  
  121  9:43  Zergling x2  
  121  9:44  Zergling x4  
  126  9:58  Ultralisk Cavern  
  125  10:01  Drone  
  125  10:02  Zergling x8  
  125  10:03  Zergling x20  
  139  10:17  Baneling x7  
  139  10:18  Baneling x8  
  139  10:19  Zergling x12  
  139  10:20  Zergling x2  
  144  10:33  Overlord  
  142  10:38  Zergling x22  
  152  10:45  Chitinous Plating  
  152  10:49  Overlord x2  
  152  10:51  Ultralisk  
  157  10:57  Ultralisk  
  163  11:05  Ultralisk  
  166  11:14  Ultralisk  
  172  11:19  Baneling x10  
  172  11:20  Baneling x9  
  172  11:22  Baneling  
  172  11:23  Baneling x4  
  172  11:24  Baneling x2  
  164  11:34  Ultralisk  
  164  11:36  Baneling x3  
  164  11:38  Zergling x2  
  164  11:39  Zergling x2  
  164  11:52  Zergling x18  
  164  11:53  Zergling x2  
  131  12:02  Zergling x2  
  131  12:03  Zergling x20  
  132  12:10  Zergling x12  
Show
View Real Time Build Order
Export as new Build Order

Harstem Protoss 

Build Orders: 1 Gate Expand, Phoenix Opening 

Get SALT Encoding   

  12  0:00  Probe (Chrono Boost)  
  13  0:11  Probe (Chrono Boost)  
  14  0:22  Probe (Chrono Boost), Pylon  
  15  0:40  Probe (Chrono Boost)  
  16  0:46  Gateway  
  16  0:50  Assimilator  
  16  0:51  Probe (Chrono Boost)  
  17  1:01  Probe (Chrono Boost)  
  18  1:12  Probe (Chrono Boost)  
  19  1:22  Probe (Chrono Boost)  
  20  1:30  Nexus  
  20  1:37  Cybernetics Core  
  20  1:42  Probe (Chrono Boost)  
  20  1:45  Assimilator  
  21  1:52  Probe (Chrono Boost)  
  22  1:54  Pylon  
  22  2:03  Probe (Chrono Boost)  
  23  2:10  Adept  
  23  2:14  Warp Gate  
  23  2:15  Probe (Chrono Boost)  
  26  2:27  Probe (Chrono Boost)  
  27  2:35  Zealot  
  27  2:36  Stargate  
  27  2:39  Probe (Chrono Boost)  
  31  2:44  Probe (Chrono Boost)  
  31  2:49  Probe (Chrono Boost)  
  32  2:55  Probe (Chrono Boost)  
  33  3:00  Probe (Chrono Boost)  
  33  3:05  Probe (Chrono Boost)  
  35  3:12  Mothership Core (Chrono Boost)  
  37  3:16  Probe (Chrono Boost)  
  37  3:17  Phoenix  
  38  3:26  Probe (Chrono Boost), Adept  
  43  3:32  Probe (Chrono Boost)  
  44  3:35  Pylon  
  44  3:37  Probe (Chrono Boost)  
  45  3:44  Nexus  
  45  3:47  Probe (Chrono Boost)  
  46  3:49  Phoenix  
  46  3:50  Pylon  
  46  3:53  Probe (Chrono Boost)  
  49  4:00  Probe (Chrono Boost)  
  50  4:03  Pylon  
  50  4:09  Gateway  
  50  4:10  Gateway  
  50  4:14  Phoenix  
  50  4:16  Probe (Chrono Boost)  
  52  4:17  Probe (Chrono Boost)  
  54  4:25  Sentry  
  54  4:27  Probe (Chrono Boost)  
  54  4:28  Probe (Chrono Boost)  
  58  4:33  Assimilator  
  58  4:36  Assimilator  
  58  4:38  Probe (Chrono Boost)  
  59  4:39  Phoenix  
  62  4:46  Probe (Chrono Boost)  
  62  4:49  Probe (Chrono Boost), Forge  
  62  4:52  Pylon  
  63  4:54  Robotics Facility  
  63  4:58  Probe (Chrono Boost)  
  64  5:00  Probe (Chrono Boost)  
  64  5:02  Phoenix  
  67  5:10  Probe x2 (Chrono Boost)  
  69  5:18  Probe (Chrono Boost)  
  72  5:21  Probe (Chrono Boost)  
  72  5:22  Probe (Chrono Boost)  
  72  5:24  Phoenix  
  75  5:28  Probe (Chrono Boost), Protoss Ground Weapons Level 1  
  75  5:32  Probe (Chrono Boost)  
  75  5:34  Probe (Chrono Boost)  
  77  5:38  Immortal  
  77  5:40  Probe (Chrono Boost), Assimilator  
  77  5:42  Probe (Chrono Boost)  
  79  5:44  Photon Cannon  
  79  5:46  Probe (Chrono Boost)  
  79  5:48  Pylon  
  84  5:51  Photon Cannon  
  84  5:52  Pylon  
  85  5:58  Sentry, Adept  
  85  6:02  Stalker  
  90  6:06  Photon Cannon  
  90  6:07  Probe (Chrono Boost)  
  90  6:08  Probe (Chrono Boost)  
  94  6:19  Probe (Chrono Boost)  
  94  6:20  Probe (Chrono Boost), Sentry  
  94  6:21  Probe (Chrono Boost)  
  94  6:25  Pylon  
  97  6:26  Assimilator  
  97  6:29  Photon Cannon  
  97  6:31  Probe (Chrono Boost), Adept x2, Pylon  
  100  6:36  Probe (Chrono Boost), Immortal  
  101  6:43  Probe (Chrono Boost)  
  101  6:44  Robotics Facility  
  101  6:46  Twilight Council  
  104  6:47  Probe (Chrono Boost)  
  104  6:55  Probe (Chrono Boost)  
  104  6:56  Probe (Chrono Boost)  
  104  6:57  Probe (Chrono Boost)  
  107  7:06  Zealot x2, Adept  
  113  7:10  Immortal  
  117  7:18  Gateway  
  117  7:21  Gateway  
  117  7:22  Gateway  
  117  7:24  Pylon  
  117  7:27  Protoss Ground Weapons Level 2  
  117  7:28  Charge  
  117  7:32  Zealot x2  
  111  7:44  Immortal  
  111  7:49  Zealot  
  98  7:52  Probe (Chrono Boost)  
  98  7:56  Zealot, Sentry  
  98  7:57  Probe (Chrono Boost)  
  104  7:59  Pylon  
  104  8:01  Pylon x2  
  104  8:04  Pylon  
  104  8:08  Templar Archives  
  104  8:09  Pylon  
  104  8:12  Pylon  
  104  8:13  Probe (Chrono Boost)  
  105  8:20  Immortal  
  105  8:28  Probe x2 (Chrono Boost)  
  105  8:30  Probe (Chrono Boost)  
  108  8:38  Probe (Chrono Boost)  
  110  8:41  Probe (Chrono Boost)  
  110  8:45  Pylon  
  110  8:47  High Templar  
  110  8:48  High Templar  
  118  8:49  Zealot x4  
  118  8:54  Archon  
  118  8:55  Pylon  
  126  8:56  Pylon  
  126  8:58  Probe (Chrono Boost)  
  126  9:00  Pylon  
  126  9:02  Pylon  
  131  9:04  Photon Cannon  
  131  9:11  High Templar x4  
  131  9:16  Archon x2  
  128  9:28  Probe (Chrono Boost)  
  128  9:30  Pylon  
  129  9:32  Gateway  
  129  9:34  High Templar x2  
  129  9:35  Photon Cannon  
  129  9:37  Robotics Facility  
  133  9:43  Archon  
  133  9:52  Pylon, Nexus  
  125  9:53  Adept  
  127  10:00  Probe (Chrono Boost)  
  127  10:01  High Templar x3  
  134  10:07  Archon, Gateway  
  134  10:08  High Templar, Gateway  
  134  10:09  Probe (Chrono Boost)  
  134  10:12  High Templar, Pylon  
  139  10:15  Probe (Chrono Boost)  
  139  10:16  Probe (Chrono Boost)  
  139  10:20  Pylon  
  139  10:21  Photon Cannon  
  141  10:23  Archon  
  140  10:41  High Templar  
  140  10:42  High Templar x2  
  146  10:43  Zealot x3, Warp Prism  
  146  10:45  Photon Cannon  
  154  10:53  Archon  
  154  10:54  Archon  
  153  11:05  Zealot x4  
  153  11:09  Nexus  
  153  11:10  Pylon  
  161  11:11  High Templar x2  
  161  11:18  Archon  
  164  11:19  Zealot x3  
  168  11:32  Zealot x4  
  170  11:37  Pylon x2  
  170  11:42  Zealot x3  
  164  11:54  High Templar x4  
  164  11:55  High Templar x2  
  164  12:00  Archon  
  154  12:03  Archon x2  
  100  12:16  Zealot x3  
  100  12:22  Probe (Chrono Boost), Robotics Facility  
Tags
 
Add a new tag
Caveats
  • Supply blocks, unpowered buildings, or Contaminate may cause inaccurate times.
  • Supply counts are checked every 10 seconds.